 Dungeon Crawl Stone Soup version 0.27-a0-1140-g099f9bb0e8 (webtiles) character file.

Game seed: 15801899206197103372

3186 DasRunzen the Skirmisher (level 9, -9/72 HPs)
             Began as a Demonspawn Gladiator on May 10, 2021.
             Mangled by an orc knight
             ... wielding a +1 battleaxe
              (21 damage)
             ... in a bailey.
             The game lasted 00:21:39 (8631 turns).

DasRunzen the Skirmisher (Demonspawn Gladiator)     Turns: 8631, Time: 00:21:39

Health: -9/72      AC: 13    Str: 15    XL:     9   Next: 64%
Magic:  9/9        EV: 17    Int: 12    God:
Gold:   287        SH:  5    Dex: 21    Spells: 8/8 levels left

rFire    + . .     SeeInvis +   a - +0 long sword
rCold    + . .     Faith    .   (no shield)
rNeg     . . .     Spirit   .   n - +2 robe {rC+ rF+}
rPois    .         Reflect  +   c - +0 helmet
rElec    .         Harm     .   b - +0 cloak
rCorr    .         Rampage  .   q - +1 pair of gloves
Will     .....                  e - +0 pair of boots
Stlth    ++........             h - amulet of reflection
HPRegen  0.22/turn              g - ring of see invisible
MPRegen  0.11/turn              o - +6 ring of dexterity

@: mighty
A: claws 2, thin metallic scales 2, ignite blood 1, powered by pain 1
a: no special abilities


You were in a bailey.
You visited 1 branch of the dungeon, and saw 7 of its levels.
You also visited: Sewer and Bailey.

You collected 287 gold pieces.

Inventory:

Hand Weapons
 a - a +0 long sword (weapon)
Missiles
 d - 3 throwing nets (quivered)
Armour
 b - a +0 cloak (worn)
 c - a +0 helmet (worn)
 e - a +0 pair of boots (worn)
 n - a +2 robe of resistance (worn)
 q - a +1 pair of gloves (worn)
Jewellery
 g - a ring of see invisible (left hand)
 h - an amulet of reflection (around neck)
 i - an amulet of magic regeneration
 k - a ring of positive energy
 o - a +6 ring of dexterity (right hand)
 t - a ring of wizardry
 C - an amulet of regeneration
Wands
 m - a wand of digging (6)
Scrolls
 f - a scroll of silence
 l - 5 scrolls of teleportation
 r - a scroll of fear
 u - a scroll of acquirement {unknown}
 y - a scroll of blinking
 z - 2 scrolls of fog
 A - 2 scrolls of magic mapping
Potions
 j - 9 potions of curing
 p - a potion of mutation {unknown}
 s - a potion of magic
 v - 3 potions of haste
 w - 9 potions of heal wounds
 B - a potion of ambrosia


   Skills:
 + Level 7.4 Fighting
 + Level 7.1 Long Blades
 - Level 1.7 Throwing
 + Level 5.0 Armour
 + Level 7.0 Dodging


You had 8 spell levels left.
You didn't know any spells.
Your spell library contained the following spells:

 Spells                   Type           Power      Damage    Failure   Level
 Beastly Appendage        Tmut           0%         N/A       32%         1
 Magic Dart               Conj           0%         1d3       32%         1
 Searing Ray              Conj           0%         3d3       45%         2
 Wereblood                Tmut           0%         N/A       45%         2
 Dazzling Flash           Conj/Hex       0%         N/A       69%         3
 Spider Form              Tmut/Pois      0%         N/A       69%         3
 Fulminant Prism          Conj/Hex       0%         3d6       97%         4
 Ice Form                 Ice/Tmut       0%         N/A       97%         4
 Iskenderun's Mystic Bla  Conj/Tloc      0%         2d3       97%         4
 Hydra Form               Tmut           0%         N/A       100%        5


Dungeon Overview and Level Annotations

Branches:
Dungeon (7/15)              Sewer (visited)          Bailey (1/1)
 Temple: D:4-7

Altars:
Nemelex Xobeh
Xom

Shops:
D:5 *


Innate Abilities, Weirdness & Mutations

You have very sharp fingernails.
You are mostly covered in thin metallic scales. (AC +3)
Your demonic aura sometimes causes spilled blood to erupt in flames.
You sometimes gain a little power by taking damage.


Message History

You slash the gnoll!
The gnoll is heavily wounded.
The gnoll completely misses you.
You feel very mighty all of a sudden. You block the gnoll's attack.
You barely miss the gnoll.
The gnoll is heavily wounded.
The gnoll closely misses you.
You slash the gnoll!
You kill the gnoll!
You completely miss the orc knight. You block the orc knight's attack.
You hit the orc knight.
The orc knight is lightly wounded.
The orc knight hits you with a +1 battleaxe!!
You hit the orc knight but do no damage.
The orc knight is lightly wounded.
The orc knight completely misses you.
You riposte.
You slash the orc knight!
The orc knight is lightly wounded.
You closely miss the orc knight.
The orc knight is lightly wounded.
The orc knight hits you with a +1 battleaxe!!
You are too injured to fight recklessly!
You are too injured to fight recklessly!
You closely miss the orc knight.
The orc knight is lightly wounded.
The orc knight hits you with a +1 battleaxe.
You closely miss the orc knight.
The orc knight is lightly wounded.
You block the orc knight's attack.
You barely miss the orc knight.
The orc knight is lightly wounded.
You block the orc knight's attack.
You barely miss the orc knight.
The orc knight is lightly wounded.
The orc knight hits you with a +1 battleaxe!
* * * LOW HITPOINT WARNING * * *
You closely miss the orc knight.
The orc knight is lightly wounded.
The orc knight hits you with a +1 battleaxe!!
You die...

#)# ### ##### ###
### #(###.###.#o# .#
#.
##'##'##'###'##'##'#
##.....## #..g..#
###....(### .K...##
#.'..⌠..'.# ..⌠..'.
###.....### .....#
#....(## ##.....#
#'##'##@###'# #.#
#.###o)(## ## ###
#####


You could see an orc knight.

Vanquished Creatures
  Pikel (D:4)
  Grinder (D:5)
  A water moccasin (D:5)
  3 orc warriors
  An ice beast (D:6)
  2 necrophages
  An ogre (D:4)
  A black bear (D:5)
  A lemure (D:4)
  2 centaurs
  A phantom (D:4)
  2 kobold brigands
  2 bullfrogs (Sewer)
  A wyvern zombie (D:6)
  A scorpion (D:4)
  A wyvern skeleton (D:6)
  A bullfrog zombie (D:6)
  A jelly (D:3)
  5 hounds
  2 orc priests
  2 iguanas
  Ijyb (D:3)
  A scorpion zombie (D:4)
  3 orc wizards
  A hound skeleton (D:5)
  A howler monkey skeleton (D:7)
  17 gnolls
  15 adders
  8 river rats
  An adder skeleton (D:4)
  7 worms
  A dart slug (D:2)
  18 orcs
  3 bats
  14 endoplasms
  6 giant cockroaches
  4 goblins
  17 hobgoblins
  2 jackals (D:4)
  2 quokkas
  19 ball pythons
  4 frilled lizards
  24 kobolds
  25 rats
227 creatures vanquished.

Notes
Turn   | Place    | Note
-------+----------+-------------------------------------------
     0 | D:1      | DasRunzen the Demonspawn Gladiator began the quest for the
                  | Orb.
     0 | D:1      | Reached XP level 1. HP: 16/16 MP: 1/1
   171 | D:1      | Gained mutation: Your demonic aura sometimes causes spilled
                  | blood to erupt in flames. [demonic ancestry]
   171 | D:1      | Reached XP level 2. HP: 13/23 MP: 2/2
   444 | D:1      | Reached XP level 3. HP: 16/28 MP: 3/3
  1329 | D:2      | Found a shimmering altar of Xom.
  1633 | D:2      | Gained mutation: You are partially covered in thin metallic
                  | scales. (AC +2) [demonic ancestry]
  1633 | D:2      | Reached XP level 4. HP: 29/35 MP: 4/4
  2656 | D:3      | Reached XP level 5. HP: 30/41 MP: 5/5
  2884 | D:3      | Noticed Ijyb
  2902 | D:3      | Killed Ijyb
  3076 | D:3      | Gained mutation: You sometimes gain a little power by
                  | taking damage. [demonic ancestry]
  3076 | D:3      | Reached XP level 6. HP: 7/48 MP: 6/6
  4429 | D:4      | Gained mutation: You have sharp fingernails. [demonic
                  | ancestry]
  4429 | D:4      | Reached XP level 7. HP: 45/55 MP: 7/7
  5014 | D:4      | Noticed Pikel
  5022 | D:4      | HP: 2/55 [Pikel/+2 whip of electrocution (13)]
  5024 | D:4      | Killed Pikel
  5025 | D:4      | Reached skill level 5 in Fighting
  5025 | D:4      | Reached skill level 5 in Long Blades
  5025 | D:4      | Reached skill level 5 in Dodging
  5025 | D:4      | Gained mutation: You have very sharp fingernails. [demonic
                  | ancestry]
  5025 | D:4      | Reached XP level 8. HP: 3/63 MP: 8/8
  5592 | D:5      | Entered Level 5 of the Dungeon
  5747 | D:5      | Found a sparkling altar of Nemelex Xobeh.
  5754 | D:5      | Noticed Grinder
  5772 | D:5      | Killed Grinder
  5798 | D:5      | Found Jazaa's Assorted Antiques.
  6606 | D:6      | Gained mutation: You are mostly covered in thin metallic
                  | scales. (AC +3) [demonic ancestry]
  6606 | D:6      | Reached XP level 9. HP: 31/71 MP: 9/9
  6762 | D:6      | Found a glowing drain.
  6766 | Sewer    | Entered a sewer
  7981 | D:7      | Found a flagged portal.
  8075 | Bailey   | Entered a bailey
  8328 | Bailey   | Reached skill level 5 in Armour
  8520 | Bailey   | Noticed an orc knight
  8631 | Bailey   | Mangled by an orc knight

Illustrated notes

Levels and vault maps discovered:
D:1:      minmay_arrival_arboretum_small, layout_basic, grunt_decor_junction,
          minmay_misc_feat_diagonals, minmay_pentomino_v2
D:2:      layout_rooms, basic_altar, minmay_misc_feat_doors,
          roderic_filled_cross, serial_bayou_pond_a, minmay_puff
D:3:      layout_basic, kennysheep_generic_room_16, uniq_ijyb
D:4:      layout_loops_cross, st_stairs_9, uniq_pikel
D:5:      layout_gridville, overflow_temple_1_default, serial_shops,
          shop_statue, kennysheep_crisscross, grunt_ministairs_2,
          chequers_arboretum, dk_vineyard_1, uniq_grinder
D:6:      layout_gridville, gup_sewer_entry_spiral, hex_medium, minivault_25,
          chequers_serial_rivers_micro_e
D:7:      layout_rooms, ashenzari_conservatory_becter, minmay_temple_entry_tees,
          enter_bailey_8
Bailey:   bailey_axe_2, bailey

Skill      XL: |  1  2  3  4  5  6  7  8  9 |
---------------+----------------------------+-----
Long Blades    | 3 4 5 6 7 |  7.1
Dodging        | 3 4 5 6 7 |  7.0
Fighting       | 3 4 5 6 7 |  7.4
Armour         | 2 3 5 |  5.0
Throwing       | |  1.7

Action                   |  1- 3 |  4- 6 |  7- 9 || total
-------------------------+-------+-------+-------++-------
Melee: Long sword        |   109 |   165 |   558 ||   832
  Use: Scroll            |     1 |     6 |    10 ||    17
       Potion            |       |     1 |     3 ||     4
 Stab: Confused          |       |       |     1 ||     1
       Sleeping          |       |       |     1 ||     1
Armor: Leather armour    |    41 |    57 |    11 ||   109
       Robe              |       |       |   132 ||   132
Dodge: Dodged            |    87 |   126 |   459 ||   672
Block: Other             |       |    18 |   172 ||   190
       Reflection        |       |       |     1 ||     1
       Rpst.: Long sword |    26 |    39 |   136 ||   201

Table legend: (Time is in decaauts)
 A = Elapsed time spent in this place.
 B = Non-inter-level travel time spent in this place.
 C = Inter-level travel time spent in this place.
 D = Time resting spent in this place.
 E = Time spent auto-exploring this place.
 F = Levels seen in this place.
 G = Mean time per level.
                   A        B        C        D        E       F      G
               +--------+--------+--------+--------+--------+-----+--------+
         Total |   8847 |   8702 |    145 |   2303 |   4304 |   9 |  983.0 |
       Dungeon |   7725 |   7580 |    145 |   2195 |   3792 |   7 | 1103.6 |
         Sewer |    562 |    562 |      0 |      0 |    259 |   1 |  562.0 |
        Bailey |    559 |    559 |      0 |    108 |    253 |   1 |  559.0 |
               +--------+--------+--------+--------+--------+-----+--------+

Top non-repeatable levels by time:
     D:3: 2350 daAuts
     D:4: 1301 daAuts
     D:6: 1107 daAuts
     D:2: 1095 daAuts
     D:1: 919 daAuts
     D:5: 856 daAuts
   Sewer: 562 daAuts
  Bailey: 559 daAuts
     D:7: 95 daAuts
